 Dungeon Crawl Stone Soup version 0.19-a0-1259-g4fc3c0a (webtiles) character file.

1878 Banto the Basher (level 8, -5/117 HPs)
             Began as a Minotaur Berserker on Aug 28, 2016.
             Was an Elder of Trog.
             Slain by an orc warrior
             ... wielding a +0 mace
              (7 damage)
             ... on level 6 of the Dungeon.
             The game lasted 00:07:06 (3962 turns).

Banto the Basher (Minotaur Berserker)               Turns: 3962, Time: 00:07:07

Health: -5/117     AC:  8    Str: 26    XL:     8   Next: 91%
Magic:  7/7        EV: 11    Int:  4    God:    Trog [****..]
Gold:   212        SH:  0    Dex: 13    Spells: 0 memorised, 7 levels left

rFire  + . .     SeeInvis .     d - +0 morningstar
rCold  . . .     Gourm    .     r - +1 scale mail {rF+}
rNeg   + . .     Faith    .     (no shield)
rPois  .         Spirit   .     (helmet restricted)
rElec  .         Dismiss  .     (no cloak)
rCorr  .         Reflect  .     (no gloves)
MR     .....     Harm     .     (no boots)
Stlth  .......... Rnd*Rage +    (no amulet)
                                (no ring)
                                s - ring of positive energy

@: berserking, very quick
A: retaliatory headbutt, horns 2, berserk 1
a: Berserk, Trog's Hand, Brothers in Arms, Burn Spellbooks, Renounce Religion


You were on level 6 of the Dungeon.
You worshipped Trog.
Trog was greatly pleased with you.
You were not hungry.

You visited 1 branch of the dungeon, and saw 6 of its levels.

You collected 212 gold pieces.

Inventory:

Hand Weapons
 d - a +0 morningstar (weapon)
Missiles
 p - a throwing net (quivered)
Armour
 r - a +1 scale mail of fire resistance (worn)
Jewellery
 s - a ring of positive energy (left hand)
Wands
 w - a wand of lightning (5/15)
 y - a wand of polymorph (22/24)
Scrolls
 b - 2 scrolls of remove curse
 e - 3 scrolls of amnesia
 g - 2 scrolls of teleportation
 m - 2 scrolls of fear
 n - a scroll of identify
 x - 2 scrolls of noise {unknown}
 A - a scroll of enchant weapon {unknown}
 B - a scroll of fog {unknown}
Potions
 j - 2 potions of flight
 k - 4 potions of curing
 l - a potion of brilliance
 t - 3 potions of heal wounds
 u - a potion of agility
 z - a potion of lignification
Comestibles
 a - a chunk of flesh
 c - 6 bread rations
 i - 2 beef jerkies
 q - 4 meat rations
 v - 2 fruits


   Skills:
 * Level 9.1 Fighting
 * Level 9.5 Maces & Flails
 + Level 7.1 Armour
 - Level 2.1 Dodging


You had 7 spell levels left.
You didn't know any spells.

Dungeon Overview and Level Annotations

Branches:
Dungeon (6/15)             Temple (0/1) D:4

Altars:
Cheibriados
Kikubaaqudgha
Okawaru
Qazlal
Uskayaw
Yredelemnul


Innate Abilities, Weirdness & Mutations

You reflexively headbutt those who attack you in melee.
You have a pair of horns on your head.
You tend to lose your temper in combat.


Message History

You take 5 damage, and have 17/78 hp.
You barely miss the orc warrior. The orc warrior hits you with a mace!
* * * LOW HITPOINT WARNING * * *
The orc wizard casts a spell.
The orc wizard flickers and vanishes!
Deactivating autopickup; reactivate with Ctrl-A.
An orc comes into view. It is wielding a dagger.
You take 11 damage, and have 6/78 hp.
A red film seems to cover your vision as you go berserk!
You feel yourself moving faster!
You feel mighty!
You feel somewhat more hungry.
The orc shouts!
The orc warrior hits you with a mace!
* * * LOW HITPOINT WARNING * * *
You now have 1/117 hp.
You barely miss the orc warrior. You bludgeon the orc warrior!!
The orc warrior is almost dead.
The orc warrior hits you with a mace!
You die...

##.†## #...##
## #.##..#
##.. #.# ##.#
.o.# ### #.#
#)# #..####..
..# ##)#
#{....# ...
#.)## #o..# ##
##...# #>@.##
##.....
#.##..##
#.)###. #
##..## #.## #
##..## #.#
##..# #.#
#.###..## #.#
#.......####.#
##...........#
#..........###


You could see an orc warrior and an orc.

Vanquished Creatures
  The ghost of Proton the Skirmisher, an amateur GrFi of Cheibriados (D:4)
  2 ice beasts
  An ogre (D:4)
  2 phantoms
  3 sky beasts (D:5)
  A necrophage (D:6)
  A centaur (D:4)
  2 giant frogs
  4 wights (D:6)
  A crimson imp (D:5)
  A jelly (D:5)
  3 orc wizards (D:4)
  A hound (D:5)
  A centaur skeleton (D:4)
  2 orc priests (D:4)
  An iguana (D:5)
  4 worker ants
  A howler monkey zombie (D:5)
  3 adders (D:3)
  An adder zombie (D:5)
  A worm (D:2)
  3 dart slugs
  3 giant geckos
  9 orcs
  4 giant cockroaches
  2 gnoll zombies (D:5)
  7 goblins
  7 hobgoblins
  11 jackals
  7 quokkas
  10 bats
  6 giant newts
  8 kobolds
  6 rats
120 creatures vanquished.

Notes
Turn   | Place    | Note
-------+----------+-------------------------------------------
     0 | D:1      | Banto the Minotaur Berserker began the quest for the Orb.
     0 | D:1      | Reached XP level 1. HP: 19/19 MP: 0/0
   146 | D:1      | Reached XP level 2. HP: 21/27 MP: 1/1
   882 | D:2      | Reached XP level 3. HP: 32/33 MP: 2/2
   931 | D:2      | Found a snail-covered altar of Cheibriados.
   978 | D:2      | Reached ** piety under Trog
  1515 | D:3      | Reached XP level 4. HP: 26/41 MP: 3/3
  2079 | D:4      | Reached skill level 5 in Maces & Flails
  2151 | D:4      | Found a hide-covered altar of Uskayaw.
  2185 | D:4      | Found an iron altar of Okawaru.
  2187 | D:4      | Reached *** piety under Trog
  2219 | D:4      | Noticed a phantom
  2256 | D:4      | Killed a phantom
  2256 | D:4      | Reached skill level 5 in Fighting
  2256 | D:4      | Reached XP level 5. HP: 27/48 MP: 4/4
  2301 | D:4      | Noticed Proton's ghost (amateur GrFi)
  2311 | D:4      | Killed Proton's ghost
  2311 | D:4      | Reached XP level 6. HP: 36/57 MP: 5/5
  2497 | D:4      | Reached skill level 5 in Armour
  2571 | D:4      | Found a staircase to the Ecumenical Temple.
  2709 | D:4      | Reached XP level 7. HP: 64/64 MP: 6/6
  3223 | D:5      | Entered Level 5 of the Dungeon
  3343 | D:5      | Found an ancient bone altar of Kikubaaqudgha.
  3370 | D:5      | Reached XP level 8. HP: 53/73 MP: 7/7
  3397 | D:5      | Noticed an air elemental
  3399 | D:5      | Found a stormy altar of Qazlal.
  3478 | D:5      | Gained mutation: Potions and wands are less effective at restoring your health. [mutagenic meat]
  3481 | D:5      | Gained mutation: You have a pair of large horns on your head. [mutagenic meat]
  3484 | D:5      | Gained mutation: Your flesh is cold resistant. (rC+) [mutagenic meat]
  3487 | D:5      | Gained mutation: Your body sometimes deteriorates upon taking damage. [mutagenic meat]
  3490 | D:5      | Gained mutation: Your spells are a little easier to cast, but a little less powerful. [mutagenic meat]
  3493 | D:5      | Gained mutation: You tend to lose your temper in combat. [mutagenic meat]
  3561 | D:5      | Reached **** piety under Trog
  3720 | D:5      | Lost mutation: Your body sometimes deteriorates upon taking damage. [potion of cure mutation]
  3720 | D:5      | Lost mutation: Your flesh is cold resistant. (rC+) [potion of cure mutation]
  3720 | D:5      | Lost mutation: You have a pair of large horns on your head. [potion of cure mutation]
  3720 | D:5      | Lost mutation: Your spells are a little easier to cast, but a little less powerful. [potion of cure mutation]
  3720 | D:5      | Lost mutation: Potions and wands are less effective at restoring your health. [potion of cure mutation]
  3768 | D:5      | Found a basalt altar of Yredelemnul.
  3960 | D:6      | HP: 1/117 [orc warrior/mace (8)]
  3962 | D:6      | Slain by an orc warrior

Vault maps used:
D:1:      scummos_arrival_checkerplants, serial_glass, glass_columns_a,
          glass_columns_a, due_unseen_surprise, item_on_display_b,
          minmay_strange_pillars, minmay_strange_pillars, nrook_mini_backslash,
          minmay_misc_feat_five, nrook_mini_vaults
D:2:      cheibriados_altar_1
D:4:      overflow_temple_1_default, overflow_temple_1_default
D:5:      nicolae_qazlal_style_of_elements, nicolae_overflow_crystal_walls,
          lemuel_zombie_altar_yredelemnul, first_bread, grunt_ministairs_3
D:6:      uniq_sigmund

Skill      XL: |  1  2  3  4  5  6  7  8 |
---------------+-------------------------+-----
Armour         | 3 4 5 7 |  7.1
Fighting       | 4 5 6 7 9 |  9.1
Maces & Flails | 4 5 6 7 9 |  9.5
Dodging        | |  2.1

Action                   |  1- 3 |  4- 6 |  7- 9 || total
-------------------------+-------+-------+-------++-------
Melee: Mace              |    83 |   117 |   127 ||   327
       Headbutt          |    12 |    21 |    28 ||    61
       Morningstar       |       |       |    14 ||    14
Invok: Berserk           |       |     2 |     3 ||     5
  Use: Scroll            |       |       |    14 ||    14
       Potion            |       |       |     1 ||     1
  Eat: Chunk             |     2 |     4 |    14 ||    20
       Fruit             |       |     1 |       ||     1
Armor: Animal skin       |     4 |       |       ||     4
       Scale mail        |    35 |    48 |    52 ||   135
Dodge: Dodged            |    65 |    58 |    66 ||   189

Table legend:
 A = Turns spent in this place as a percentage of turns spent in the entire game.
 B = Non-inter-level travel turns spent in this place as a percentage of non-inter-level travel turns spent in the entire game.
 C = Inter-level travel turns spent in this place as a percentage of turns spent in this place.
 D = Turns resting spent in this place as a percentage of non-inter-level travel turns spent in this place.
 E = Turns spent auto-exploring this place as a percentage of non-inter-level travel turns spent in this place.
 F = Non-inter-level travel turns spent in this place divided by the number of levels of this place that you've seen.
                   A       B       C       D       E      F
               +-------+-------+-------+-------+-------+----------------------
         Total | 100.0 | 100.0 |   0.4 |   1.2 |  14.2 | 248.2
       Dungeon | 100.0 | 100.0 |   0.4 |   1.2 |  14.2 | 248.2
               +-------+-------+-------+-------+-------+----------------------

Table legend:
 A = Kills in this place as a percentage of kills in entire the game.
 B = Kills by you in this place as a percentage of kills by you in the entire game.
 C = Kills by friends in this place as a percentage of kills by friends in the entire game.
 D = Other kills in this place as a percentage of other kills in the entire game.
 E = Experience gained in this place as a percentage of experience gained in the entire game.
 F = Experience gained in this place divided by the number of levels of this place that you have seen.
                   A       B       C       D       E      F
               +-------+-------+-------+-------+-------+----------------------
         Total | 100.0 | 100.0 |  -nan |  -nan | 100.0 | 447.3
       Dungeon | 100.0 | 100.0 |  -nan |  -nan | 100.0 | 447.3
               +-------+-------+-------+-------+-------+----------------------
